TOP OF THE 1ST |
Pocatello Boccabellas batting - Pitching for Seattle Pikes : LHP Albert Lebel
|
Pitching: LHP Albert Lebel
|
|
Batting: RHB Orlando Bruno
|
0-0: Foul Ball, location: 2F 0-1: Ground out 5-3 (Groundball, 5S)
|
Batting: RHB Francisco Sandoval
|
0-0: Called Strike 0-1: Ball 1-1: Ground out 3-1 (Groundball, 34)
|
Batting: RHB Marlon Phipps
|
0-0: Ball 1-0: Called Strike 1-1: Foul Ball, location: 2F 1-2: Ball 2-2: Strikes out swinging
|
Top of the 1st over - 0 run(s), 0 hit(s), 0 error(s), 0 left on base; Pocatello 0 - Seattle 0 |
BOTTOM OF THE 1ST |
Seattle Pikes batting - Pitching for Pocatello Boccabellas : RHP Kevin Bush
|
Pitching: RHP Kevin Bush
|
|
Batting: LHB Roberto Lozano
|
0-0: Ball 1-0: Fly out, F7 (Flyball, 7)
|
Batting: LHB Eduardo Gómez
|
0-0: Ground out U3 (Groundball, 3)
|
Batting: RHB Wallace Greene
|
0-0: Called Strike 0-1: Ball 1-1: Ball 2-1: SOLO HOME RUN (Flyball, 78XD), Distance : 451 ft
|
Batting: RHB Manuel Rico
|
0-0: Ball 1-0: Foul Ball, location: 2F 1-1: Ball 2-1: Foul Ball, location: 2F 2-2: SINGLE (Flyball, 7S)
|
Batting: RHB Iván Gonzáles
|
0-0: Ball Manuel Rico is caught stealing 2nd base
|
Bottom of the 1st over - 1 run(s), 2 hit(s), 0 error(s), 0 left on base; Pocatello 0 - Seattle 1 |
TOP OF THE 2ND |
Pocatello Boccabellas batting - Pitching for Seattle Pikes : LHP Albert Lebel
|
Batting: RHB Jeremy Carr
|
0-0: Ground out 5-3 (Groundball, 56)
|
Batting: RHB Ernesto Acosta
|
0-0: Swinging Strike 0-1: Fly out, F6 (Line Drive, 6)
|
Batting: LHB Ray Bryant
|
0-0: Ball 1-0: Foul Ball, location: 2F 1-1: Ball 2-1: Foul Ball, location: 2F 2-2: Foul Ball, location: 2F 2-2: Foul Ball, location: 2F 2-2: Foul Ball, location: 2F 2-2: Foul Ball, location: 2F 2-2: Strikes out swinging, 2-3 out at first.
|
Top of the 2nd over - 0 run(s), 0 hit(s), 0 error(s), 0 left on base; Pocatello 0 - Seattle 1 |
BOTTOM OF THE 2ND |
Seattle Pikes batting - Pitching for Pocatello Boccabellas : RHP Kevin Bush
|
Batting: RHB Iván Gonzáles
|
0-0: Fly out, F2 (Popup, 3S)
|
Batting: RHB Pete Rideout
|
0-0: Ground out 1-3 (Groundball, P)
|
Batting: RHB Bill Mark
|
0-0: Ball 1-0: Swinging Strike 1-1: Ball 2-1: Foul Ball, location: 2F 2-2: SINGLE (Line Drive, 6MD)
|
Batting: LHB Brandon Cummings
|
0-0: Called Strike 0-1: Ball 1-1: Foul Ball, location: 2F 1-2: Strikes out swinging
|
Bottom of the 2nd over - 0 run(s), 1 hit(s), 0 error(s), 1 left on base; Pocatello 0 - Seattle 1 |
TOP OF THE 3RD |
Pocatello Boccabellas batting - Pitching for Seattle Pikes : LHP Albert Lebel
|
Batting: SHB Nick Cox
|
0-0: Called Strike 0-1: Ball 1-1: Fly out, F7 (Flyball, 7S)
|
Batting: RHB José Delgado
|
0-0: Ground out 6-3 (Groundball, 6)
|
Batting: LHB Héctor Rentería
|
0-0: Foul Ball, location: 2F 0-1: Foul Ball, location: 2F 0-2: Strikes out swinging
|
Top of the 3rd over - 0 run(s), 0 hit(s), 0 error(s), 0 left on base; Pocatello 0 - Seattle 1 |
BOTTOM OF THE 3RD |
Seattle Pikes batting - Pitching for Pocatello Boccabellas : RHP Kevin Bush
|
Batting: RHB Henning Huisman
|
0-0: Ball 1-0: Ground out 6-3 (Groundball, 6)
|
Batting: LHB Roberto Lozano
|
0-0: SINGLE (Groundball, 6MD)
|
Batting: LHB Eduardo Gómez
|
0-0: Called Strike 0-1: Called Strike 0-2: Ball 1-2: Foul Ball, location: 2F 1-2: Foul Ball, location: 2F 1-2: Foul Ball, location: 2F 1-2: Ball 2-2: SINGLE (Flyball, 8RS) Roberto Lozano to second Roberto Lozano to third
|
Batting: RHB Wallace Greene
|
0-0: Ball 1-0: Ball 2-0: Called Strike 2-1: Ground out 5-3 (Groundball, 5S) Roberto Lozano scores Eduardo Gómez to second
|
Batting: RHB Manuel Rico
|
0-0: Foul Ball, location: 2F 0-1: Ball 1-1: Ball 2-1: SINGLE (Line Drive, 56) Eduardo Gómez to third Runner from 3rd tries for Home, SAFE, throw made home
|
Batting: RHB Iván Gonzáles
|
0-0: Called Strike Manuel Rico steals 2nd base 0-1: Fly out, F8 (Flyball, 8RM)
|
Bottom of the 3rd over - 2 run(s), 3 hit(s), 0 error(s), 1 left on base; Pocatello 0 - Seattle 3 |
TOP OF THE 4TH |
Pocatello Boccabellas batting - Pitching for Seattle Pikes : LHP Albert Lebel
|
Batting: RHB Orlando Bruno
|
0-0: Called Strike 0-1: Ball 1-1: Ball 2-1: Swinging Strike 2-2: Strikes out looking
|
Batting: RHB Francisco Sandoval
|
0-0: Ball 1-0: Ball 2-0: Fly out, F4 (Popup, 3D)
|
Batting: RHB Marlon Phipps
|
0-0: Swinging Strike 0-1: Swinging Strike 0-2: Strikes out swinging
|
Top of the 4th over - 0 run(s), 0 hit(s), 0 error(s), 0 left on base; Pocatello 0 - Seattle 3 |
BOTTOM OF THE 4TH |
Seattle Pikes batting - Pitching for Pocatello Boccabellas : RHP Kevin Bush
|
Batting: RHB Pete Rideout
|
0-0: Ball 1-0: Foul Ball, location: 2F 1-1: DOUBLE (Line Drive, 89D)
|
Batting: RHB Bill Mark
|
0-0: Ball 1-0: Foul Ball, location: 2F 1-1: Ball 2-1: Foul Ball, location: 2F 2-2: Ball 3-2: Foul Ball, location: 2F 3-2: SINGLE (Groundball, 56D) Pete Rideout to third Runner from 3rd tries for Home, SAFE, no throw
|
Batting: LHB Brandon Cummings
|
0-0: Ball 1-0: Foul Ball, location: 2F 1-1: Ball 2-1: Ball 3-1: Called Strike 3-2: Fly out, F9 (Flyball, 89M)
|
Batting: RHB Henning Huisman
|
0-0: Foul Ball, location: 2F 0-1: Called Strike 0-2: Fly out, F8 (Line Drive, 8LD)
|
Batting: LHB Roberto Lozano
|
0-0: Ball 1-0: Called Strike 1-1: Called Strike 1-2: Reached on error, E6 (Groundball, 6MD) Bill Mark to second
|
Batting: LHB Eduardo Gómez
|
0-0: Ball 1-0: Ball 2-0: Ground out 1-3 (Groundball, P)
|
Bottom of the 4th over - 1 run(s), 2 hit(s), 1 error(s), 2 left on base; Pocatello 0 - Seattle 4 |
TOP OF THE 5TH |
Pocatello Boccabellas batting - Pitching for Seattle Pikes : LHP Albert Lebel
|
Batting: RHB Jeremy Carr
|
0-0: Foul Ball, location: 2F 0-1: Ball 1-1: Ball 2-1: Ball 3-1: Foul Ball, location: 2F 3-2: Foul Ball, location: 2F 3-2: Ground out 6-3 (Groundball, 6)
|
Batting: RHB Ernesto Acosta
|
0-0: Ball 1-0: Called Strike 1-1: Called Strike 1-2: Foul Ball, location: 2F 1-2: Ball 2-2: Fly out, F4 (Line Drive, 4M)
|
Batting: LHB Ray Bryant
|
0-0: Ball 1-0: Called Strike 1-1: Ground out 1-3 (Groundball, 13)
|
Top of the 5th over - 0 run(s), 0 hit(s), 0 error(s), 0 left on base; Pocatello 0 - Seattle 4 |
BOTTOM OF THE 5TH |
Seattle Pikes batting - Pitching for Pocatello Boccabellas : RHP Kevin Bush
|
Batting: RHB Wallace Greene
|
0-0: Ball 1-0: Foul Ball, location: 2F 1-1: SINGLE (Flyball, 89S)
|
Batting: RHB Manuel Rico
|
0-0: Called Strike 0-1: Fly out, F8 (Flyball, 8LD)
|
Batting: RHB Iván Gonzáles
|
0-0: Ground out 5-3 (Groundball, 56S) Wallace Greene to second
|
Batting: RHB Pete Rideout
|
0-0: Called Strike 0-1: Foul Ball, location: 2F 0-2: Ball 1-2: Ball 2-2: Fly out, F5 (Line Drive, 56)
|
Bottom of the 5th over - 0 run(s), 1 hit(s), 0 error(s), 1 left on base; Pocatello 0 - Seattle 4 |
TOP OF THE 6TH |
Pocatello Boccabellas batting - Pitching for Seattle Pikes : LHP Albert Lebel
|
Batting: SHB Nick Cox
|
0-0: Swinging Strike 0-1: Called Strike 0-2: Ground out 6-3 (Groundball, 6)
|
Batting: RHB José Delgado
|
0-0: Ball 1-0: Foul Ball, location: 2F 1-1: DOUBLE (Flyball, 89D)
|
Batting: LHB Héctor Rentería
|
0-0: Ball 1-0: Foul Ball, location: 2F 1-1: Swinging Strike 1-2: Foul Ball, location: 2F 1-2: Foul Ball, location: 2F 1-2: Strikes out looking
|
Batting: RHB Orlando Bruno
|
0-0: Ball 1-0: Ground out 1-3 (Groundball, 13S)
|
Top of the 6th over - 0 run(s), 1 hit(s), 0 error(s), 1 left on base; Pocatello 0 - Seattle 4 |
BOTTOM OF THE 6TH |
Seattle Pikes batting - Pitching for Pocatello Boccabellas : RHP Kevin Bush
|
Batting: RHB Bill Mark
|
0-0: Called Strike 0-1: Swinging Strike 0-2: Strikes out swinging
|
Batting: LHB Brandon Cummings
|
0-0: Ball 1-0: Foul Ball, location: 2F 1-1: Foul Ball, location: 2F 1-2: Fly out, F7 (Flyball, 7LSF)
|
Batting: RHB Henning Huisman
|
0-0: Called Strike 0-1: Foul Ball, location: 2F 0-2: Strikes out swinging
|
Bottom of the 6th over - 0 run(s), 0 hit(s), 0 error(s), 0 left on base; Pocatello 0 - Seattle 4 |
TOP OF THE 7TH |
Pocatello Boccabellas batting - Pitching for Seattle Pikes : LHP Albert Lebel
|
Batting: RHB Francisco Sandoval
|
0-0: Fly out, F9 (Flyball, 89S)
|
Batting: RHB Marlon Phipps
|
0-0: Called Strike 0-1: Called Strike 0-2: Ball 1-2: Strikes out swinging
|
Batting: RHB Jeremy Carr
|
0-0: Swinging Strike 0-1: SINGLE (Groundball, 6MD)
|
Batting: RHB Ernesto Acosta
|
0-0: Foul Ball, location: 2F 0-1: Called Strike Jeremy Carr steals 2nd base 0-2: Strikes out swinging
|
Top of the 7th over - 0 run(s), 1 hit(s), 0 error(s), 1 left on base; Pocatello 0 - Seattle 4 |
BOTTOM OF THE 7TH |
Seattle Pikes batting - Pitching for Pocatello Boccabellas : RHP Kevin Bush
|
Batting: LHB Roberto Lozano
|
0-0: Ball 1-0: Ball 2-0: Called Strike 2-1: Swinging Strike 2-2: Strikes out swinging
|
Batting: LHB Eduardo Gómez
|
0-0: Ball 1-0: Ball 2-0: Ball 3-0: Called Strike 3-1: Fly out, F8 (Flyball, 8RXD)
|
Batting: RHB Wallace Greene
|
0-0: Swinging Strike 0-1: Ball 1-1: Ball 2-1: SINGLE (Groundball, 56D)
|
Batting: RHB Manuel Rico
|
0-0: Called Strike 0-1: Swinging Strike 0-2: Ball 1-2: Ground out 5-3 (Groundball, 5S)
|
Bottom of the 7th over - 0 run(s), 1 hit(s), 0 error(s), 1 left on base; Pocatello 0 - Seattle 4 |
TOP OF THE 8TH |
Pocatello Boccabellas batting - Pitching for Seattle Pikes : LHP Albert Lebel
|
Batting: LHB Ray Bryant
|
0-0: Ground out 4-3 (Groundball, 4)
|
Batting: SHB Nick Cox
|
0-0: Foul Ball, location: 2F 0-1: Ground out 5-3 (Groundball, 56D)
|
Batting: RHB José Delgado
|
0-0: Foul Ball, location: 2F 0-1: Hit by Pitch
|
Batting: LHB Héctor Rentería
|
0-0: Ball 1-0: Ball 2-0: SINGLE (Flyball, 78S) José Delgado to second Runner from 2nd tries for 3rd, SAFE, throw made to third
|
Pinch Runner at 3rd John Craig:
|
|
Batting: RHB Orlando Bruno
|
0-0: Called Strike 0-1: Ball 1-1: Fielders Choice at 2nd, 6-4 (Groundball, 6)
|
Top of the 8th over - 0 run(s), 1 hit(s), 0 error(s), 1 left on base; Pocatello 0 - Seattle 4 |
BOTTOM OF THE 8TH |
Seattle Pikes batting - Pitching for Pocatello Boccabellas : RHP Kevin Bush
|
Now at 2B: John Craig
|
|
Batting: RHB Iván Gonzáles
|
0-0: Ball 1-0: Ground out 6-3 (Groundball, 6S)
|
Batting: RHB Pete Rideout
|
0-0: Fly out, F9 (Flyball, 9S)
|
Batting: RHB Bill Mark
|
0-0: Foul Ball, location: 2F 0-1: Ball 1-1: Ball 2-1: Ball 3-1: Foul Ball, location: 2F 3-2: Foul Ball, location: 2F 3-2: SINGLE (Line Drive, 56)
|
Pitching: RHP Ben Cobb
|
|
Batting: LHB Brandon Cummings
|
0-0: Ball 1-0: Called Strike 1-1: Called Strike 1-2: Strikes out looking
|
Bottom of the 8th over - 0 run(s), 1 hit(s), 0 error(s), 1 left on base; Pocatello 0 - Seattle 4 |
TOP OF THE 9TH |
Pocatello Boccabellas batting - Pitching for Seattle Pikes : LHP Albert Lebel
|
Pitching: LHP Cristián Escobar
|
|
Batting: RHB Francisco Sandoval
|
0-0: Foul Ball, location: 2F 0-1: Called Strike 0-2: Ball 1-2: Strikes out looking
|
Batting: RHB Marlon Phipps
|
0-0: Ball 1-0: Ball 2-0: Foul Ball, location: 2F 2-1: Ball 3-1: Swinging Strike 3-2: Fly out, F9 (Flyball, 9D)
|
Batting: RHB Jeremy Carr
|
0-0: Ball 1-0: Fly out, F8 (Line Drive, 8RS)
|
Top of the 9th over - 0 run(s), 0 hit(s), 0 error(s), 0 left on base; Pocatello 0 - Seattle 4 |
|